 Dungeon Crawl Stone Soup version 0.30.1-11-g7821555f0a (webtiles) character file.

Game seed: 553702881538809936

11098 jfcaron the Covert (level 11, -3/86 HPs)
             Began as a Gnoll Brigand on Nov 3, 2023.
             Was a Priest of Okawaru.
             Killed from afar by an oklob plant (12 damage)
             ... with a splash of acid
             ... on level 1 of the Lair of Beasts on Nov 4, 2023.
             The game lasted 00:38:18 (14679 turns).

jfcaron the Covert (Gnoll Brigand)                 Turns: 14679, Time: 00:38:19

Health: -3/86      AC: -5    Str: 16    XL:     11   Next: 72%
Magic:  0/30       EV:  6    Int: 10    God:    Okawaru [***...]
Gold:   738        SH: 10    Dex: 13    Spells: 21/23 levels left

rFire   . . .        a - +1 rapier (flame)
rCold   . . .        f - +0 kite shield
rNeg    . . .        i - +0 plate armour
rPois   +            m - +0 helmet
rElec   .            v - +2 cloak {rCorr}
rCorr   +            R - +2 pair of gloves
SInv    .            y - +0 pair of boots
Will    .....        g - amulet of guardian spirit Stlth
                     z - ring of poison resistance
HPRegen 0.34/turn    M - ring of magical power
MPRegen 0.22/turn

%: guardian spirit
@: corroded
A: fangs 1, strong nose, distributed training
a: Renounce Religion, Heroism


You were on level 1 of the Lair of Beasts.
You worshipped Okawaru.
Okawaru was most pleased with you.
You visited 2 branches of the dungeon, and saw 11 of its levels.
You also visited: Sewer and Bailey.

You collected 738 gold pieces.

Inventory:

Hand Weapons
 a - a +1 rapier of flaming (weapon)
   (You took it off Eustachio on level 4 of the Dungeon)
 j - a +0 trident
Missiles
 d - 23 poisoned darts (quivered)
 r - a throwing net {!f}
 w - 4 curare-tipped darts {!f}
 x - 6 silver javelins {!f}
 E - 4 javelins
 N - 118 stones
 O - 2 datura-tipped darts {!f}
Armour
 f - a +0 kite shield (worn)
 i - a +0 plate armour (worn)
 m - a +0 helmet (worn)
 s - a +2 ring mail of fire resistance
   (You found it in a bailey)
 v - a +2 cloak of preservation (worn)
   (You found it in a bailey)
 y - a +0 pair of boots (worn)
 I - a +2 ring mail of cold resistance
   (You found it on level 1 of the Lair of Beasts)
 R - a +2 pair of gloves (worn)
Jewellery
 g - an amulet of guardian spirit (around neck)
   (You found it on level 9 of the Dungeon)
 z - a ring of poison resistance (left hand)
 M - a ring of magical power (right hand)
Wands
 h - a wand of flame (24)
 k - a wand of polymorph (9)
 A - a wand of acid (5)
 C - a wand of mindburst (14)
Scrolls
 b - a scroll of fear
 n - 3 scrolls of enchant armour
 o - a scroll of noise
 q - 8 scrolls of teleportation
 D - a scroll of amnesia
 F - a scroll of poison
 H - a scroll of blinking
 J - a scroll of vulnerability
 L - 3 scrolls of fog
Potions
 c - 2 potions of mutation
 e - a potion of haste {unknown}
 l - 3 potions of brilliance
 p - 4 potions of curing
 t - 2 potions of heal wounds
 u - 2 potions of cancellation {unknown}
 G - 2 potions of berserk rage
 K - a potion of invisibility {unknown}
 P - a potion of might {unknown}
 Q - a potion of flight {unknown}
 T - a potion of attraction {unknown}
Miscellaneous
 B - a lightning rod (inert)
   (You found it on level 1 of the Lair of Beasts)


   Skills:
 + Level 8.3 Fighting
 + Level 8.3 Short Blades
 + Level 6.8 Long Blades
 + Level 6.8 Axes
 + Level 6.8 Maces & Flails
 + Level 6.8 Polearms
 + Level 6.8 Staves
 + Level 6.8 Ranged Weapons
 + Level 8.3 Throwing
 + Level 6.8 Armour
 + Level 7.3 Dodging
 + Level 10.4 Stealth
 + Level 6.8 Shields
 + Level 6.8 Unarmed Combat
 + Level 6.8 Spellcasting
 + Level 5.6 Conjurations
 + Level 5.6 Hexes
 + Level 5.6 Summonings
 + Level 5.6 Necromancy
 + Level 5.6 Translocations
 + Level 5.6 Transmutations
 + Level 5.6 Fire Magic
 + Level 5.6 Ice Magic
 + Level 5.6 Air Magic
 + Level 5.6 Earth Magic
 + Level 5.6 Poison Magic
 + Level 7.5 Invocations
 + Level 6.8 Evocations


You had 21 spell levels left.
You knew the following spells:

 Your Spells              Type           Power      Damage    Failure   Level
a - Passwall              Tmut/Erth      11%        N/A       96%         2

Your spell library contained the following spells:

 Spells                   Type           Power      Damage    Failure   Level
 Kiss of Death            Conj/Necr      56%        2d9       89%         1
 Sandblast                Erth           28%        2d8       89%         1
 Sting                    Tmut/Pois      56%        1d5       89%         1
 Lesser Beckoning         Tloc           28%        N/A       96%         2
 Poisonous Vapours        Pois/Air       28%        N/A       96%         2
 Confusing Touch          Hex            14%        N/A       99%         3
 Dazzling Flash           Conj/Hex       28%        N/A       99%         3
 Gell's Gravitas          Tloc           14%        N/A       99%         3
 Stone Arrow              Conj/Erth      28%        3d8       99%         3
 Teleport Other           Tloc           14%        N/A       99%         3
 Dispel Undead            Necr           14%        3d10      100%        4
 Manifold Assault         Tloc           14%        N/A       100%        4
 Olgreb's Toxic Radiance  Pois           14%        N/A       100%        4
 Agony                    Necr           14%        N/A       100%        5
 Blade Hands              Tmut           7%         N/A       100%        5
 Irradiate                Conj/Tmut      7%         3d14      100%        5
 Silence                  Hex/Air        7%         N/A       100%        5
 Dispersal                Tloc           7%         N/A       100%        6
 Dragon Form              Tmut           7%         N/A       100%        7
 Disjunction              Tloc           7%         N/A       100%        8


Dungeon Overview and Level Annotations

Branches:
Dungeon (10/15)            Temple (0/1) D:4            Lair (1/5) D:9
  Sewer (visited)          Bailey (visited)
    Orc: D:9-12

Altars:
Ashenzari
Cheibriados
Hepliaklqana
Makhleb
Okawaru
Sif Muna
Trog
Wu Jian
Yredelemnul
Zin

Annotations:
D:8 1 runed translucent door, fireball365's ghost, novice MiFi
Lair:1 exclusion: oklob plant


Innate Abilities, Weirdness & Mutations

You have very sharp teeth.
Your uncanny sense of smell can sniff out nearby items.
Your experience applies equally to all skills.


Message History

You hit the oklob plant but do no damage.
You bite the oklob plant, but do no damage.
The oklob plant is severely damaged.
You hit the oklob plant but do no damage.
The oklob plant is heavily damaged.
You hit the oklob plant but do no damage.
You bite the oklob plant, but do no damage.
The oklob plant is heavily damaged.
You hit the oklob plant but do no damage.
The oklob plant is heavily damaged.
The oklob plant spits acid at you. The splash of acid hits you. You resist.
* * * LOW HITPOINT WARNING * * *
You hit the oklob plant but do no damage.
The oklob plant is heavily damaged.
You hit the oklob plant but do no damage.
The oklob plant is heavily damaged.
The oklob plant spits acid at you. The splash of acid hits you! You resist.
* * * LOW HITPOINT WARNING * * *
The acid corrodes you!
You hit the oklob plant but do no damage.
You bite the oklob plant, but do no damage.
The oklob plant is heavily damaged.
The oklob plant spits acid at you. The splash of acid misses you.
The splash of acid hits the plant!!
The acid corrodes the plant!
The plant begins to die.
You hit the oklob plant but do no damage.
The oklob plant is heavily damaged.
You hit the oklob plant but do no damage.
The oklob plant is heavily damaged.
The oklob plant spits acid at you. The splash of acid hits you! You resist.
* * * LOW HITPOINT WARNING * * *
The acid corrodes you!
You hit the oklob plant but do no damage.
The oklob plant is heavily damaged.
The oklob plant spits acid at you. The splash of acid hits you! You resist.
You die...

............#~....≈# #..#......#.
..#####.....#......####........#.
.#.# #.....#.......>##.#......##
#..# ##.....'........#..#####....
#..###.....##.......>##..........
#.##≈≈#....##......####..........
..≈≈≈≈≈≈≈...#≈....~# #...........
..#~...~...##~~~~~≈# #...........
..#~...~.>.##P..@P.# ##..........
..#.........######## ##..........
.............##.#.####......#####
.................................
......................P#.........
..............^~~≈~~~~......P....
#.............~≈≈≈≈≈≈~~.....#^...
#.....######..~≈≈~~≈≈≈~.....#....
......# ##.~~≈~.~~≈≈~.........


You could see an oklob plant.

Vanquished Creatures
  A two-headed ogre (D:8)
  An orc knight (Bailey)
  A deep elf zephyrmancer (Bailey)
  2 oklob plants (Lair:1)
  Maurice (D:9)
  A guardian serpent (shapeshifter) (D:9)
  Maggie (D:6)
  The ghost of hawla the Magician, a novice DEFE of Wu Jian (D:5)
  A troll (D:10)
  A polar bear (Lair:1)
  Grinder (D:4)
  5 blink frogs (Lair:1)
  A wraith (D:9)
  Sigmund (D:2)
  A wyvern (D:9)
  6 yaks (D:10)
  2 steam dragons
  Eustachio (D:4)
  2 water moccasins (Lair:1)
  An ice beast (D:5)
  3 black bears
  5 orc warriors
  A wolf (Lair:1)
  2 ogres
  6 centaurs
  A phantom (D:6)
  4 kobold brigands
  5 bullfrogs
  2 gnoll sergeants
  4 scorpions
  13 killer bees
  A howler monkey (D:5)
  A jelly (D:6)
  3 hounds
  Crazy Yiuf (D:4)
  A gnoll bouda (D:9)
  5 orc priests
  An iguana (D:7)
  4 orc wizards
  Robin (D:2)
  16 gnolls
  18 adders
  2 river rats (D:6)
  A shadow imp (D:7)
  A white imp (D:7)
  2 worms (D:6)
  3 dart slugs
  35 orcs
  18 endoplasms
  12 giant cockroaches
  20 goblins
  10 hobgoblins
  5 jackals (D:1)
  15 quokkas
  2 training dummies (D:4)
  14 ball pythons
  12 bats
  10 frilled lizards
  29 kobolds
  9 rats
330 creatures vanquished.

Notes
Turn   | Place    | Note
-------+----------+-------------------------------------------
     0 | D:1      | jfcaron the Gnoll Brigand began the quest for the Orb.
     0 | D:1      | Reached XP level 1. HP: 20/20 MP: 1/1
   300 | D:1      | Reached XP level 2. HP: 26/26 MP: 2/2
   419 | D:1      | Reached XP level 3. HP: 23/31 MP: 3/3
   581 | D:1      | Reached skill level 1 in Invocations
   693 | D:1      | Reached skill level 1 in Long Blades
   693 | D:1      | Reached skill level 1 in Axes
   693 | D:1      | Reached skill level 1 in Maces & Flails
   693 | D:1      | Reached skill level 1 in Polearms
   693 | D:1      | Reached skill level 1 in Staves
   693 | D:1      | Reached skill level 1 in Ranged Weapons
   693 | D:1      | Reached skill level 1 in Armour
   693 | D:1      | Reached skill level 1 in Shields
   693 | D:1      | Reached skill level 1 in Unarmed Combat
   693 | D:1      | Reached skill level 1 in Spellcasting
   693 | D:1      | Reached skill level 1 in Evocations
  1411 | D:2      | Noticed Robin
  1426 | D:2      | Noticed Sigmund
  1440 | D:1      | Reached XP level 4. HP: 29/38 MP: 5/5
  1776 | D:2      | Killed Robin
  1777 | D:2      | Reached skill level 1 in Conjurations
  1777 | D:2      | Reached skill level 1 in Hexes
  1777 | D:2      | Reached skill level 1 in Summonings
  1777 | D:2      | Reached skill level 1 in Necromancy
  1777 | D:2      | Reached skill level 1 in Translocations
  1777 | D:2      | Reached skill level 1 in Transmutations
  1777 | D:2      | Reached skill level 1 in Fire Magic
  1777 | D:2      | Reached skill level 1 in Ice Magic
  1777 | D:2      | Reached skill level 1 in Air Magic
  1777 | D:2      | Reached skill level 1 in Earth Magic
  1777 | D:2      | Reached skill level 1 in Poison Magic
  1805 | D:2      | Killed Sigmund
  1806 | D:2      | Reached skill level 8 in Stealth
  1806 | D:2      | Reached XP level 5. HP: 29/43 MP: 5/7
  1806 | D:2      | Reached XP level 6. HP: 34/50 MP: 5/8
  1923 | D:2      | Reached skill level 5 in Fighting
  1923 | D:2      | Reached skill level 5 in Short Blades
  1923 | D:2      | Reached skill level 5 in Throwing
  2121 | D:2      | Learned a level 2 spell: Passwall
  2988 | D:3      | Found a basalt altar of Yredelemnul.
  3056 | D:3      | Found an iron altar of Okawaru.
  3085 | D:3      | Became a worshipper of Warmaster Okawaru
  3262 | D:3      | Reached XP level 7. HP: 49/56 MP: 10/10
  4171 | D:4      | Noticed Grinder
  4177 | D:4      | Paralysed by Grinder for 3 turns
  4208 | D:4      | Paralysed by Grinder for 2 turns
  4223 | D:4      | Killed Grinder
  4223 | D:4      | Reached * piety under Okawaru
  4318 | D:4      | Noticed Eustachio
  4367 | D:4      | Killed Eustachio
  4368 | D:4      | Reached XP level 8. HP: 45/63 MP: 12/12
  4538 | D:4      | Found a staircase to the Ecumenical Temple.
  4724 | D:4      | Reached ** piety under Okawaru
  4793 | D:4      | Found an ornate altar of the Wu Jian Council.
  5009 | D:4      | Found a glowing silver altar of Zin.
  5051 | D:4      | Noticed Duvessa
  5051 | D:4      | Noticed Dowan
  5052 | D:4      | Duvessa changed into Duvessa the centaur
  5052 | D:4      | Noticed Duvessa
  5056 | D:4      | Dowan changed into Dowan the quokka
  5056 | D:4      | Noticed Dowan
  5065 | D:4      | Killed Duvessa the centaur
  5070 | D:4      | Killed Dowan the quokka
  5309 | D:4      | Found a runed translucent door.
  5310 | D:4      | Noticed Crazy Yiuf
  5363 | D:5      | Entered Level 5 of the Dungeon
  5466 | D:5      | Found a broken altar of Ashenzari.
  5800 | D:5      | Found a runed translucent door.
  5965 | D:5      | Found a snail-covered altar of Cheibriados.
  5981 | D:5      | Reached XP level 9. HP: 69/69 MP: 14/14
  6092 | D:5      | Noticed hawla's ghost (novice DEFE)
  6166 | D:5      | Killed hawla's ghost
  6276 | D:4      | Killed Crazy Yiuf
  6434 | D:6      | Reached skill level 5 in Dodging
  6553 | D:6      | HP: 8/69 [steam dragon/ball of steam (9)]
  6561 | D:6      | Reached skill level 9 in Stealth
  6590 | D:6      | HP: 11/70 [orc priest/nerve-wracking pain (14)]
  6615 | D:6      | HP: 19/105 [orc priest/+0 whip (3)]
  6764 | D:6      | Found a glowing drain.
  6779 | Sewer    | Entered a sewer
  7450 | D:6      | Reached skill level 5 in Invocations
  7711 | D:6      | Noticed Maggie
  7734 | D:6      | Killed Maggie
  8286 | D:7      | Reached *** piety under Okawaru
  8340 | D:7      | Reached skill level 5 in Long Blades
  8340 | D:7      | Reached skill level 5 in Axes
  8340 | D:7      | Reached skill level 5 in Maces & Flails
  8340 | D:7      | Reached skill level 5 in Polearms
  8340 | D:7      | Reached skill level 5 in Staves
  8340 | D:7      | Reached skill level 5 in Ranged Weapons
  8340 | D:7      | Reached skill level 5 in Armour
  8340 | D:7      | Reached skill level 5 in Shields
  8340 | D:7      | Reached skill level 5 in Unarmed Combat
  8340 | D:7      | Reached skill level 5 in Spellcasting
  8340 | D:7      | Reached skill level 5 in Evocations
  8340 | D:7      | Reached XP level 10. HP: 58/77 MP: 17/17
  8983 | D:7      | Found a burning altar of Makhleb.
  8986 | D:7      | Received a gift from Okawaru
  9180 | D:8      | Noticed a two-headed ogre
  9188 | D:8      | Killed a two-headed ogre
  9388 | D:8      | Noticed fireball365's ghost (novice MiFi)
  9420 | D:8      | Found a runed translucent door.
  9505 | D:8      | Found a bloodstained altar of Trog.
  9559 | D:8      | Received a gift from Okawaru
 10193 | D:9      | Noticed Maurice
 10322 | D:9      | Killed Maurice
 10750 | D:9      | Found a staircase to the Lair.
 10918 | D:9      | Found a hazy altar of Hepliaklqana.
 11463 | D:9      | Noticed a guardian serpent
 11471 | D:9      | Killed a guardian serpent
 11611 | Lair:1   | Entered Level 1 of the Lair of Beasts
 11611 | Lair:1   | Noticed an oklob plant
 11754 | D:10     | Entered Level 10 of the Dungeon
 11798 | D:10     | Found a flagged portal.
 11834 | Bailey   | Entered a bailey
 11857 | Bailey   | Reached skill level 5 in Conjurations
 11857 | Bailey   | Reached skill level 5 in Hexes
 11857 | Bailey   | Reached skill level 5 in Summonings
 11857 | Bailey   | Reached skill level 5 in Necromancy
 11857 | Bailey   | Reached skill level 5 in Translocations
 11857 | Bailey   | Reached skill level 5 in Transmutations
 11857 | Bailey   | Reached skill level 5 in Fire Magic
 11857 | Bailey   | Reached skill level 5 in Ice Magic
 11857 | Bailey   | Reached skill level 5 in Air Magic
 11857 | Bailey   | Reached skill level 5 in Earth Magic
 11857 | Bailey   | Reached skill level 5 in Poison Magic
 11941 | Bailey   | Reached XP level 11. HP: 53/85 MP: 14/20
 11994 | Bailey   | Noticed an orc knight
 11998 | Bailey   | Reached skill level 10 in Stealth
 12042 | Bailey   | Killed an orc knight
 12116 | Bailey   | Found a large runed translucent door.
 12116 | Bailey   | Found a large runed translucent door.
 12120 | Bailey   | Noticed a deep elf zephyrmancer
 12167 | Bailey   | Killed a deep elf zephyrmancer
 12605 | D:10     | Found a shimmering blue altar of Sif Muna.
 13197 | Lair:1   | Killed an oklob plant
 13197 | Lair:1   | Received a gift from Okawaru
 13954 | Lair:1   | Noticed an oklob plant
 14521 | Lair:1   | Noticed an oklob plant
 14524 | Lair:1   | Killed an oklob plant
 14524 | Lair:1   | Reached **** piety under Okawaru
 14675 | Lair:1   | HP: 17/86 [oklob plant/splash of acid (8)]
 14679 | Lair:1   | Killed from afar by an oklob plant

Illustrated notes

Levels and vault maps discovered:
D:1:      dpeg_arrival_stone_temple_mockup, layout_basic
D:2:      layout_basic, dreamdust_princess_corridor, uniq_sigmund, uniq_robin
D:3:      layout_basic, mainiacjoe_overflow_concentric_impassable,
          okawaru_trees_2, kennysheep_generic_room_7
D:4:      dreamdust_elfheim, layout_basic, zin_academy,
          nicolae_overflow_crystal_walls, temple_hall_moat, uniq_grinder,
          uniq_crazy_yiuf_cottage, uniq_duvessa, uniq_eustachio
D:5:      layout_cave_pools, ashenzari_conservatory_becter,
          general_overflow_altar, ebering_ghost_reflecting_pool
D:6:      layout_gridville, lightli_sewer_entry_pipes, uniq_maggie
D:7:      layout_cave_pools, makhleb_blood_cavern_becter, minivault_5,
          david_defended_altar_orc
D:8:      layout_rooms, lemuel_tele_altar, hellmonk_ghost_happy_afterlife
D:9:      layout_stronghold, lemuel_crystal_altar, lair_entry_dummy,
          uniq_maurice
D:10:     layout_gridville, lemuel_crystal_altar, enter_bailey_5
Lair:1:   dpeg_oklob_gauntlet, layout_chaotic_city, serial_rivers,
          chequers_serial_rivers_small_a, chequers_serial_rivers_micro_c,
          chequers_serial_rivers_micro_a, chequers_serial_rivers_micro_e,
          chequers_serial_rivers_room_a, chequers_serial_rivers_room_b,
          eino_small_chamber_without_monster, st_stairs_3,
          dpeg_stationary_puzzle, lemuel_fruit_tree, infiniplex_staircase_pool_2

Skill      XL: |  1  2  3  4  5  6  7  8  9 10 11 |
---------------+----------------------------------+-----
Invocations    | 1 2 3 4 5 6 7 |  7.5
Long Blades    | 1 2 3 5 6 |  6.8
Axes           | 1 2 3 5 6 |  6.8
Maces & Flails | 1 2 3 5 6 |  6.8
Polearms       | 1 2 3 5 6 |  6.8
Staves         | 1 2 3 5 6 |  6.8
Ranged Weapons | 1 2 3 5 6 |  6.8
Armour         | 1 2 3 5 6 |  6.8
Shields        | 1 2 3 5 6 |  6.8
Unarmed Combat | 1 2 3 5 6 |  6.8
Spellcasting   | 1 2 3 5 6 |  6.8
Evocations     | 1 2 3 5 6 |  6.8
Conjurations   | 1 2 3 4 5 |  5.6
Hexes          | 1 2 3 4 5 |  5.6
Summonings     | 1 2 3 4 5 |  5.6
Necromancy     | 1 2 3 4 5 |  5.6
Translocations | 1 2 3 4 5 |  5.6
Transmutations | 1 2 3 4 5 |  5.6
Fire Magic     | 1 2 3 4 5 |  5.6
Ice Magic      | 1 2 3 4 5 |  5.6
Air Magic      | 1 2 3 4 5 |  5.6
Earth Magic    | 1 2 3 4 5 |  5.6
Poison Magic   | 1 2 3 4 5 |  5.6
Dodging        | 3 4 5 6 7 |  7.3
Stealth        | 8 9 10 | 10.4
Fighting       | 5 6 7 8 |  8.3
Short Blades   | 5 6 7 8 |  8.3
Throwing       | 5 6 7 8 |  8.3

Action                     |  1- 3 |  4- 6 |  7- 9 | 10-12 || total
---------------------------+-------+-------+-------+-------++-------
  Melee: Dagger            |   113 |   161 |   617 |    88 ||   979
         Bite              |    10 |    17 |    78 |    83 ||   188
         Punch             |     1 |     2 |    17 |     9 ||    29
         Trident           |       |    13 |       |       ||    13
         Unarmed           |       |     7 |       |       ||     7
         Rapier            |       |       |       |   446 ||   446
  Throw: Dart              |     5 |    10 |   121 |   118 ||   254
         Javelin           |       |     2 |     7 |       ||     9
         Stone             |       |       |    96 |    19 ||   115
         Boomerang         |       |       |       |    55 ||    55
         Throwing net      |       |       |       |     2 ||     2
 Invoke: Heroism           |       |       |     5 |    11 ||    16
  Evoke: Wand              |       |       |     6 |    10 ||    16
         Lightning rod     |       |       |       |     6 ||     6
    Use: Scroll            |     3 |     4 |     7 |     8 ||    22
         Potion            |       |     1 |     4 |       ||     5
   Stab: Sleeping          |     5 |       |     7 |     2 ||    14
 Armour: Robe              |    19 |       |       |       ||    19
         Chain mail        |    24 |   109 |   244 |       ||   377
         Skin              |       |    20 |    23 |       ||    43
         Acid dragon scale |       |       |    12 |    21 ||    33
         Plate armour      |       |       |       |   256 ||   256
  Dodge: Dodged            |    57 |    66 |   196 |   163 ||   482
  Block: Kite shield       |       |       |       |   193 ||   193

Table legend: (Time is in decaauts)
 A = Elapsed time spent in this place.
 B = Non-inter-level travel time spent in this place.
 C = Inter-level travel time spent in this place.
 D = Time resting spent in this place.
 E = Time spent auto-exploring this place.
 F = Levels seen in this place.
 G = Mean time per level.
                   A        B        C        D        E       F      G
               +--------+--------+--------+--------+--------+-----+--------+
         Total |  14383 |  13512 |    871 |   1098 |   9026 |  13 | 1106.4 |
       Dungeon |  11934 |  11097 |    837 |    654 |   8025 |  10 | 1193.4 |
          Lair |   1511 |   1477 |     34 |    284 |    940 |   1 | 1511.0 |
         Sewer |    541 |    541 |      0 |    102 |     35 |   1 |  541.0 |
        Bailey |    395 |    395 |      0 |     57 |     25 |   1 |  395.0 |
               +--------+--------+--------+--------+--------+-----+--------+

Top non-repeatable levels by time:
     D:9: 1689 daAuts
     D:1: 1688 daAuts
  Lair:1: 1511 daAuts
     D:4: 1349 daAuts
     D:2: 1315 daAuts
     D:6: 1286 daAuts
     D:3: 1081 daAuts
     D:8: 943 daAuts
    D:10: 918 daAuts
     D:7: 840 daAuts
     D:5: 821 daAuts
   Sewer: 541 daAuts
  Bailey: 395 daAuts

Table legend:
 A = Kills in this place as a percentage of kills in the entire game.
 B = Kills by you in this place as a percentage of kills by you in the entire game.
 C = Kills by friends in this place as a percentage of kills by friends in the entire game.
 D = Other kills in this place as a percentage of other kills in the entire game.
 E = Experience gained in this place as a percentage of experience gained in the entire game.
 F = Experience gained in this place divided by the number of levels of this place that you have seen.
                   A       B       C       D       E      F
               +-------+-------+-------+-------+-------+----------------------
         Total | 100.0 | 100.0 |   N/A |   N/A | 100.0 | 1219.6
       Dungeon |  78.5 |  78.5 |   N/A |   N/A |  66.4 | 1052.2
          Lair |   3.6 |   3.6 |   N/A |   N/A |  20.6 | 3270.0
         Sewer |  13.9 |  13.9 |   N/A |   N/A |   1.9 | 304.0
        Bailey |   3.9 |   3.9 |   N/A |   N/A |  11.1 | 1759.0
               +-------+-------+-------+-------+-------+----------------------

Levels and vault maps discovered:
D:1:      dpeg_arrival_stone_temple_mockup, layout_basic
D:2:      layout_basic, dreamdust_princess_corridor, uniq_sigmund, uniq_robin
D:3:      layout_basic, mainiacjoe_overflow_concentric_impassable,
          okawaru_trees_2, kennysheep_generic_room_7
D:4:      dreamdust_elfheim, layout_basic, zin_academy,
          nicolae_overflow_crystal_walls, temple_hall_moat, uniq_grinder,
          uniq_crazy_yiuf_cottage, uniq_duvessa, uniq_eustachio
D:5:      layout_cave_pools, ashenzari_conservatory_becter,
          general_overflow_altar, ebering_ghost_reflecting_pool
D:6:      layout_gridville, lightli_sewer_entry_pipes, uniq_maggie
D:7:      layout_cave_pools, makhleb_blood_cavern_becter, minivault_5,
          david_defended_altar_orc
D:8:      layout_rooms, lemuel_tele_altar, hellmonk_ghost_happy_afterlife
D:9:      layout_stronghold, lemuel_crystal_altar, lair_entry_dummy,
          uniq_maurice
D:10:     layout_gridville, lemuel_crystal_altar, enter_bailey_5
Lair:1:   dpeg_oklob_gauntlet, layout_chaotic_city, serial_rivers,
          chequers_serial_rivers_small_a, chequers_serial_rivers_micro_c,
          chequers_serial_rivers_micro_a, chequers_serial_rivers_micro_e,
          chequers_serial_rivers_room_a, chequers_serial_rivers_room_b,
          eino_small_chamber_without_monster, st_stairs_3,
          dpeg_stationary_puzzle, lemuel_fruit_tree, infiniplex_staircase_pool_2
